 Dungeon Sprint DCSS version 0.28-a0-1199-gef9e1dbd39 (webtiles) character file.

Game seed: 12068696920554959743

23493 mhtbhm the Fencer (level 12, -12/192 HPs)
             Began as a Minotaur Berserker on Dec 20, 2021.
             Was a High Priest of Trog.
             Mangled by a spriggan defender (22 damage)
             ... in the Dungeon (Sprint IV: "Fedhas' Mad Dash").
             The game lasted 00:13:28 (6161 turns).

mhtbhm the Fencer (Minotaur Berserker)              Turns: 6161, Time: 00:13:29

Health: -12/192    AC:  6    Str: 31    XL:     12   Next: 72%
Magic:  11/11      EV: 20    Int:  3    God:    Trog [*****.]
Gold:   221        SH:  0    Dex: 20    Spells: 11/11 levels left

rFire   . . .      SeeInvis .   a - +6 great sword of Misery {vorpal, rElec rN+ Will- Dex+5}
rCold   . . .      Faith    .   (shield currently unavailable)
rNeg    + + +      Spirit   .   b - +1 robe "Jelyod" {rN+ Str+5 Dex+4}
rPois   +          Reflect  .   (helmet restricted)
rElec   +          Harm     .   r - +2 ratskin cloak {*Rats rPois rN+ Str-1 Int-1 Dex+1}
rCorr   .          Rampage  .   (no gloves)
Will    .....      NoTele   +   (no boots)
Stlth   ..........              k - amulet of invisibility {+Inv}
HPRegen 0.42/turn               n - ring of positive energy
MPRegen 0.12/turn               (no ring)

@: berserking (expiring), very slightly contaminated, invisible, very quick
A: horns 2, retaliatory headbutt
a: Renounce Religion, Evoke Invisibility, Berserk, Trog's Hand, Brothers in Arms


You were in the Dungeon.
You worshipped Trog.
Trog was extremely pleased with you.
You visited 1 branch You collected 452 gold pieces.
You spent 231 gold pieces at shops.

Inventory:

Hand Weapons
 a - the +6 great sword of Misery (weapon) {vorpal, rElec rN+ Will- Dex+5}
   (Trog gifted it to you in the Dungeon)

   It inflicts extra damage upon your enemies.
   Dex:       It affects your dexterity (+5).
   rElec:     It insulates you from electricity.
   rN:        It protects you from negative energy.
   Will:      It decreases your willpower.
 d - the +11 scimitar "Ekaulearph" {flame, Fly}
   (Trog gifted it to you in the Dungeon)

   It burns those it strikes, dealing additional fire damage.
   Big, fiery blades are also staple armaments of hydra-hunters.
   Fly:       It grants you flight.
 q - a +3 antimagic demon blade
 t - a +1 great sword
Armour
 b - the +1 robe "Jelyod" (worn) {rN+ Str+5 Dex+4}
   (You bought it in a shop in the Dungeon)

   Str:       It affects your strength (+5).
   Dex:       It affects your dexterity (+4).
   rN:        It protects you from negative energy.
 h - the +2 pair of boots of Watchfulness {-Tele Regen+ rCorr Int-4}
   (You found it in the Dungeon)

   Int:       It affects your intelligence (-4).
   -Tele:     It prevents most forms of teleportation.
   Regen:     It increases your rate of health regeneration.
   rCorr:     It protects you from acid and corrosion.
 r - the +2 ratskin cloak (worn) {*Rats rPois rN+ Str-1 Int-1 Dex+1}
   (You found it in the Dungeon)

   When the wearer is hurt, rats may emerge from it to assist them.
   Str:       It affects your strength (-1).
   Int:       It affects your intelligence (-1).
   Dex:       It affects your dexterity (+1).
   rPois:     It protects you from poison.
   rN:        It protects you from negative energy.
Jewellery
 k - the amulet of invisibility (around neck) {+Inv}
   (You found it in the Dungeon)

   [amulet of nothing]

   +Inv:      It lets you turn invisible.
 n - a ring of positive energy (left hand)
 p - the amulet "Jamnodwahec" {Faith Str+3 Slay+6}
   (You found it in the Dungeon)

   [amulet of faith]

   It allows you to gain divine favour quickly.
   Str:       It affects your strength (+3).
   Slay:      It affects your accuracy & damage with ranged weapons and melee
   (+6).
Wands
 o - a wand of charming (7)
Potions
 c - 3 potions of curing
 e - a potion of haste
 f - 2 potions of magic
 g - a potion of berserk rage
 i - a potion of ambrosia
 j - a potion of attraction {unknown}
 l - a potion of flight {unknown}
 m - a potion of degeneration {unknown}


   Skills:
 + Level 18.7 Fighting
 + Level 19.0 Long Blades
 + Level 5.4 Armour
 + Level 10.9 Dodging
 + Level 16.8 Stealth
 + Level 13.7 Evocations


You had 11 spell levels left.
You didn't know any spells.
Your spell library was empty.

Dungeon Overview and Level Annotations

Branches:
Dungeon (1/1)

Altars:
Cheibriados
Dithmenos
Elyvilon
Gozag
Hepliaklqana
Kikubaaqudgha
Makhleb
Nemelex Xobeh
Okawaru
Qazlal
Ru
Sif Muna
Trog
Uskayaw
Vehumet
Wu Jian
Xom
Yredelemnul
Zin
The Shining One
Beogh
Jiyva
Lugonu

Shops:
D :((*?*:(=:([[[*:*!(:(


Innate Abilities, Weirdness & Mutations

You have a pair of horns on your head.
You reflexively headbutt those who attack you in melee.


Message History

Your hell rat dies!
You are hit by a branch!
* * * LOW HITPOINT WARNING * * *
A root smacks your river rat from below!
You slice the spriggan defender!!
The spriggan defender is severely wounded.
The spriggan defender hits you with a +2 quick blade!!
* * * LOW HITPOINT WARNING * * *
The spriggan druid closely misses you.
You closely miss the spriggan defender.
The spriggan defender is severely wounded.
You are hit by a branch!
* * * LOW HITPOINT WARNING * * *
Your river rat is hit by a branch!!
Your river rat dies!
The spriggan defender misses you.
Unknown command.
You feel a strong urge to attack something.
A tree reaches out and hits you.
* * * LOW HITPOINT WARNING * * *
You slash the spriggan defender!
Your headbutt misses the spriggan defender.
The spriggan defender is severely wounded.
A tree reaches out but misses you.
Unknown command.
You slice the spriggan druid!!
The forest calms down.
The spriggan druid is almost dead.
You slice the spriggan druid like a ripe choko!!!
You kill the spriggan druid!
Trog accepts your kill.
Trog appreciates your killing of a magic user.
The spriggan defender barely misses you.
You furiously retaliate!
You headbutt the spriggan defender!
Your Long Blades skill increases to level 19!
Unknown command.
You closely miss the spriggan defender.
Your headbutt misses the spriggan defender.
The spriggan defender is almost dead.
The spriggan defender hits you with a +2 quick blade!!
You die...

#.......P..# #....'........
###.P....### #....#####P...
###...## ##....# #####
#....####)....#####∩∩∩#
#.............'....∩.∩'
#.............#####∩∩∩#
*****#**#######################
*,,,,....♣..♣.i♣..♣.)♣..♣..♣..♣
*,,,,........)@......)........)
*,,,,....♣..♣..♣..♣.)♣..♣..♣..♣
**++++***######################
*,,,,,,* ******,,,,,*****
*,,,,,,*********,,,,,,,,,,,,,,,
**,,,,,,,,,,,,,,,,,,,,,,,,,,,,,
*,,,,,,,,,,,,,,,,,,,,,,,,,,,,,
*,,,,,,,,,,,,,,******,,,,,****
*,,,,,,,,,,,,,,* ******* *


You could see a spriggan defender.

Vanquished Creatures
  Agnes (D)
  A ghost moth (D)
  3 spriggan defenders (D)
  4 spriggan berserkers (D)
  4 spriggan druids (D)
  22 oklob plants (D)
  3 demonic crawlers (D)
  A queen bee (D)
  3 burning bushes (D)
  8 hornets (D)
  3 wandering mushrooms (D)
  4 scorpions (D)
  4 killer bees (D)
  5 oklob saplings (D)
  10 spriggans (D)
  A river rat (D)
  A rat (D)
  A ballistomycete spore (D)
79 creatures vanquished.

Vanquished Creatures (collateral kills)
  An oklob plant (D)
1 creature vanquished.

Vanquished Creatures (others)
  A ballistomycete spore (D)
  2 fungi (D)
3 creatures vanquished.

Grand Total: 83 creatures vanquished

Notes
Turn   | Place    | Note
-------+----------+-------------------------------------------
     0 | D        | mhtbhm the Minotaur Berserker began the quest for the Orb.
     0 | D        | Reached XP level 1. HP: 19/19 MP: 0/0
    12 | D        | Reached skill level 4 in Long Blades
    12 | D        | Reached XP level 2. HP: 28/28 MP: 1/1
    67 | D        | Noticed an oklob sapling
    68 | D        | Killed an oklob sapling
    69 | D        | Reached skill level 5 in Fighting
    69 | D        | Reached skill level 6 in Long Blades
    69 | D        | Reached XP level 3. HP: 37/37 MP: 2/2
   123 | D        | Noticed a scorpion
   123 | D        | Found the amulet of invisibility {+Inv}
   127 | D        | Killed a scorpion
   127 | D        | Reached ** piety under Trog
   128 | D        | Reached skill level 7 in Long Blades
   128 | D        | Reached XP level 4. HP: 47/47 MP: 3/3
   200 | D        | Found an opulent altar of Gozag.
   200 | D        | Found a hazy altar of Hepliaklqana.
   200 | D        | Found a burning altar of Makhleb.
   200 | D        | Found a sparkling altar of Nemelex Xobeh.
   200 | D        | Found a snail-covered altar of Cheibriados.
   200 | D        | Found a sacrificial altar of Ru.
   200 | D        | Found a shimmering blue altar of Sif Muna.
   200 | D        | Found a shimmering altar of Xom.
   200 | D        | Found a basalt altar of Yredelemnul.
   201 | D        | Found a viscous altar of Jiyva.
   201 | D        | Found a bloodstained altar of Trog.
   201 | D        | Found an ornate altar of the Wu Jian Council.
   202 | D        | Found an iron altar of Okawaru.
   202 | D        | Found a shadowy altar of Dithmenos.
   202 | D        | Found a glowing silver altar of Zin.
   203 | D        | Found an ancient bone altar of Kikubaaqudgha.
   203 | D        | Found a hide-covered altar of Uskayaw.
   204 | D        | Found a stormy altar of Qazlal.
   204 | D        | Found a white marble altar of Elyvilon.
   204 | D        | Found a glowing golden altar of the Shining One.
   205 | D        | Found a corrupted altar of Lugonu.
   205 | D        | Found a radiant altar of Vehumet.
   210 | D        | Reached skill level 8 in Long Blades
   210 | D        | Reached XP level 5. HP: 53/53 MP: 1/4
   256 | D        | Reached skill level 9 in Long Blades
   424 | D        | Reached skill level 1 in Evocations
   425 | D        | Reached *** piety under Trog
   426 | D        | Reached skill level 10 in Long Blades
   426 | D        | Reached skill level 1 in Stealth
   429 | D        | Reached skill level 5 in Armour
   429 | D        | Reached XP level 6. HP: 57/64 MP: 2/5
   467 | D        | Found Wuahust's Assorted Antiques.
   467 | D        | Found Yczuo's Armour Emporium.
   731 | D        | Noticed a queen bee
   737 | D        | Reached skill level 10 in Fighting
   737 | D        | Reached skill level 5 in Dodging
   748 | D        | Killed a queen bee
   748 | D        | Reached **** piety under Trog
   749 | D        | Reached skill level 11 in Long Blades
   749 | D        | Reached XP level 7. HP: 73/73 MP: 4/6
   750 | D        | Reached skill level 12 in Long Blades
   870 | D        | Noticed an oklob plant
   882 | D        | Killed an oklob plant
   883 | D        | Reached skill level 13 in Long Blades
   883 | D        | Reached skill level 5 in Stealth
   883 | D        | Reached skill level 5 in Evocations
   883 | D        | Reached XP level 8. HP: 82/82 MP: 4/7
   922 | D        | Noticed a burning bush
   930 | D        | Killed a burning bush
   978 | D        | Noticed a burning bush
   978 | D        | Noticed an oklob plant
   979 | D        | Noticed a wandering mushroom
   993 | D        | Killed a burning bush
   993 | D        | Reached ***** piety under Trog
  1041 | D        | Killed an oklob plant
  1042 | D        | Reached skill level 14 in Long Blades
  1286 | D        | Reached XP level 9. HP: 90/90 MP: 8/8
  1353 | D        | Noticed a spriggan druid
  1357 | D        | Killed a spriggan druid
  1448 | D        | Noticed a burning bush
  1448 | D        | Noticed a wandering mushroom
  1449 | D        | Noticed a wandering mushroom
  1453 | D        | Killed a wandering mushroom
  1455 | D        | Killed a wandering mushroom
  1458 | D        | Received a gift from Trog
  1464 | D        | Killed a burning bush
  1465 | D        | Reached skill level 10 in Stealth
  1500 | D        | Found Biosek's Weapon Emporium.
  1500 | D        | Found Diho Kell's Distillery.
  1500 | D        | Found the +2 ratskin cloak {*Rats rPois rN+ Str-1 Int-1
                  | Dex+1}
  1503 | D        | Identified the +7 hand crossbow of Beqetum {penet, Fly rC-
                  | Stlth+}
  1585 | D        | Noticed an oklob plant conjurer
  1588 | D        | Killed an oklob plant conjurer
  1589 | D        | Reached skill level 15 in Long Blades
  1659 | D        | Noticed an oklob plant
  1659 | D        | Noticed an oklob plant summoner
  1660 | D        | Noticed an oklob plant shifter
  1671 | D        | Killed an oklob plant
  1822 | D        | Killed an oklob plant shifter
  1823 | D        | Reached XP level 10. HP: 101/101 MP: 7/9
  1825 | D        | Killed an oklob plant summoner
  1825 | D        | Received a gift from Trog
  2021 | D        | Noticed a spriggan rider
  2039 | D        | Killed a spriggan rider
  2046 | D        | Found Zudylo's Book Emporium.
  2252 | D        | Found Feuchide's Weapon Shoppe.
  2512 | D        | Noticed Agnes
  2533 | D        | Killed Agnes
  2533 | D        | Received a gift from Trog
  2534 | D        | Reached skill level 16 in Long Blades
  2534 | D        | Reached skill level 10 in Evocations
  2955 | D        | Found Dakan's Book Emporium.
  2955 | D        | Noticed a spriggan berserker
  2962 | D        | Killed a spriggan berserker
  3014 | D        | Found Vanomias's General Store.
  3018 | D        | Noticed a spriggan defender
  3032 | D        | Killed a spriggan defender
  3033 | D        | Reached XP level 11. HP: 76/111 MP: 0/10
  3184 | D        | Bought a scroll of magic mapping for 42 gold pieces
  3346 | D        | Noticed a spriggan rider
  3354 | D        | Killed a spriggan rider
  3480 | D        | Found Hejen's Book Shoppe.
  3480 | D        | Found Fagoet's Weapon Boutique.
  3480 | D        | Found Joawkor's Antique Weapon Emporium.
  3494 | D        | Killed a ghost moth
  3495 | D        | Reached skill level 15 in Fighting
  3948 | D        | Noticed an oklob plant shifter
  3948 | D        | Noticed an oklob plant meteorologist
  3957 | D        | Killed an oklob plant meteorologist
  3958 | D        | Reached skill level 17 in Long Blades
  3970 | D        | Killed an oklob plant shifter
  3970 | D        | Received a gift from Trog
  4110 | D        | Noticed a spriggan rider
  4123 | D        | Reached skill level 10 in Dodging
  4129 | D        | Killed a spriggan rider
  4204 | D        | Found Wolao's Magic Scroll Shoppe.
  4204 | D        | Found Kiafurit's General Store.
  4204 | D        | Found Himmoff's General Store.
  4204 | D        | Found Dipp's Weapon Emporium.
  4204 | D        | Found Tautza Fire's Book Shoppe.
  4205 | D        | Found Qamn's Book Emporium.
  4205 | D        | Found Akawo's Weapon Shop.
  4205 | D        | Found Mowizuhi's Jewellery Boutique.
  4244 | D        | Noticed an oklob plant summoner
  4246 | D        | Found Hiav's Armour Emporium.
  4247 | D        | Found Wotoneal's Antique Armour Shop.
  4252 | D        | Killed an oklob plant summoner
  4265 | D        | Bought a dull robe for 114 gold pieces
  4265 | D        | Identified the +1 robe "Jelyod" {rN+ Str+5 Dex+4} (You
                  | bought it in a shop in the Dungeon)
  4275 | D        | Noticed an oklob plant demonologist
  4275 | D        | Noticed an oklob plant annihilator
  4276 | D        | Noticed a spriggan berserker
  4294 | D        | Killed a spriggan berserker
  4641 | D        | Killed an oklob plant annihilator
  4644 | D        | Killed an oklob plant demonologist
  4692 | D        | Identified the +2 pair of boots of Watchfulness {-Tele
                  | Regen+ rCorr Int-4}
  4703 | D        | Identified the amulet "Jamnodwahec" {Faith Str+3 Slay+6}
  4756 | D        | Bought a scroll of enchant weapon for 75 gold pieces
  4762 | D        | Noticed an oklob plant
  4762 | D        | Noticed an oklob plant
  4762 | D        | Noticed an oklob plant
  4762 | D        | Noticed an oklob plant
  4762 | D        | Noticed an oklob plant
  4762 | D        | Noticed an oklob plant
  4763 | D        | Noticed an oklob plant
  4767 | D        | Killed an oklob plant
  4768 | D        | Noticed an oklob plant
  4773 | D        | Killed an oklob plant
  4774 | D        | Noticed an oklob plant
  4775 | D        | Noticed an oklob plant
  4781 | D        | Killed an oklob plant
  4782 | D        | Reached skill level 15 in Stealth
  4785 | D        | Killed an oklob plant
  4785 | D        | Reached ****** piety under Trog
  4785 | D        | Identified the +11 scimitar "Ekaulearph" {flame, Fly} (Trog
                  | gifted it to you in the Dungeon)
  4785 | D        | Received a gift from Trog
  4786 | D        | Reached XP level 12. HP: 125/125 MP: 2/11
  4987 | D        | Reached skill level 18 in Long Blades
  4999 | D        | Identified the +6 great sword of Misery {vorpal, rElec rN+
                  | Will- Dex+5} (Trog gifted it to you in the Dungeon)
  4999 | D        | Received a gift from Trog
  5351 | D        | Noticed a spriggan defender
  5351 | D        | Noticed a spriggan defender
  5359 | D        | Killed a spriggan defender
  5367 | D        | Killed a spriggan defender
  5951 | D        | Received a gift from Trog
  6142 | D        | Noticed a spriggan defender
  6157 | D        | HP: 9/192 [spriggan druid/angry trees (6)]
  6161 | D        | Reached skill level 19 in Long Blades
  6161 | D        | Mangled by a spriggan defender

Illustrated notes

Levels and vault maps discovered:
D:        dungeon_sprint_fedhas [sprint_temple]

Skill      XL: |  1  2  3  4  5  6  7  8  9 10 11 12 |
---------------+-------------------------------------+-----
Fighting       | 4 5 7 8 9 10 11 12 13 14 17 18 | 18.7
Long Blades    | 4 6 7 8 10 11 13 14 15 16 17 19 | 19.0
Armour         | 3 4 5 |  5.4
Dodging        | 3 4 5 6 7 8 10 | 10.9
Evocations     | 1 3 5 6 8 10 12 13 | 13.7
Stealth        | 1 3 5 8 11 13 15 16 | 16.8

Action                   |  1- 3 |  4- 6 |  7- 9 | 10-12 || total
-------------------------+-------+-------+-------+-------++-------
Melee: Falchion          |     9 |    26 |    88 |    37 ||   160
       Headbutt          |     1 |     5 |    29 |    42 ||    77
       Scimitar          |       |       |       |    60 ||    60
       Demon blade       |       |       |       |    56 ||    56
       Great sword       |       |       |       |    34 ||    34
Invok: Berserk           |     3 |     4 |     9 |    17 ||    33
       Brothers in Arms  |       |       |       |     5 ||     5
 Abil: Evoke Invisibilit |       |     4 |     6 |    12 ||    22
  Use: Scroll            |       |       |       |     6 ||     6
       Potion            |       |       |       |     1 ||     1
 Stab: Invisible         |       |     4 |    13 |    11 ||    28
       Sleeping          |       |     1 |     4 |     6 ||    11
       Distracted        |       |       |       |     1 ||     1
Armor: Animal skin       |     1 |       |       |     6 ||     7
       Robe              |       |       |       |     2 ||     2
Dodge: Dodged            |       |    12 |    14 |    43 ||    69

Table legend: (Time is in decaauts)
 A = Elapsed time spent in this place.
 B = Non-inter-level travel time spent in this place.
 C = Inter-level travel time spent in this place.
 D = Time resting spent in this place.
 E = Time spent auto-exploring this place.
 F = Levels seen in this place.
 G = Mean time per level.
                   A        B        C        D        E       F      G
               +--------+--------+--------+--------+--------+-----+--------+
         Total |   6354 |   6152 |    202 |   4918 |      3 |   1 | 6354.0 |
       Dungeon |   6354 |   6152 |    202 |   4918 |      3 |   1 | 6354.0 |
               +--------+--------+--------+--------+--------+-----+--------+

Top non-repeatable levels by time:
       D: 6354 daAuts
